 Dungeon Crawl Stone Soup version 0.25.1-2-g60ff931df9 (webtiles) character file.

Game seed: 16636575158070931571

7713 growler the Blocker (level 10, -2/84 HPs)
             Began as a Demigod Ice Elementalist on Oct 26, 2020.
             Slain by an unseen horror (5 damage)
             ... on level 10 of the Dungeon.
             The game lasted 00:29:21 (13163 turns).

growler the Blocker (Demigod Ice Elementalist)     Turns: 13163, Time: 00:29:22

Health: -2/84      AC:  4    Str: 11    XL:     10   Next: 68%
Magic:  16/19      EV: 11    Int: 25    God:
Gold:   622        SH: 12    Dex: 16    Spells: 2/17 levels left

rFire    . . .     SeeInvis .   B - +11 hand axe of Animal Spirits {vamp, rPois}
rCold    + . .     Gourm    .   r - +1 kite shield
rNeg     . . .     Faith    .   s - +0 robe (curse)
rPois    +         Spirit   .   H - +0 helmet
rElec    .         Reflect  .   N - +0 cloak
rCorr    .         Harm     .   (no gloves)
MR       +....                  (no boots)
Stlth    ++........             (no amulet)
HPRegen  0.24/turn              d - ring of ice
MPRegen  0.16/turn              i - ring of protection from fire

@: frozen ramparts, lightly drained
A: high mp 1
a: no special abilities


You were on level 10 of the Dungeon.
You were hungry.

You visited 1 branch of the dungeon, and saw 10 of its levels.

You collected 622 gold pieces.

Inventory:

Hand Weapons
 b - a +0 dagger
   (You took it off a goblin on level 1 of the Dungeon)
 q - a +1 dagger of venom
   (You took it off a goblin on level 3 of the Dungeon)
 w - a +1 dagger of draining
   (You took it off an orc on level 4 of the Dungeon)
 B - the +11 hand axe of Animal Spirits (weapon) {vamp, rPois}
   (You found it on level 6 of the Dungeon)

   It inflicts no extra harm, but heals its wielder when it wounds a living foe.
   It protects you from poison.
Missiles
 G - 2 throwing nets (quivered) {!f}
Armour
 a - a +0 robe
 r - a +1 kite shield (worn)
   (You took it off a goblin on level 2 of the Dungeon)
 s - a cursed +0 robe (worn)
   (You found it on level 3 of the Dungeon)
 H - a +0 helmet (worn)
   (You found it on level 7 of the Dungeon)
 N - a +0 cloak (worn)
   (You found it on level 10 of the Dungeon)
 O - the cursed +0 chain mail of Ciabafie {SInv Stlth+, unknown}
   (You found it on level 10 of the Dungeon)

   It lets you see invisible.
   It makes you more stealthy.
   It has a curse placed upon it.
Jewellery
 d - a ring of ice (left hand)
   (You found it on level 1 of the Dungeon)
 i - a ring of protection from fire (right hand)
   (You found it on level 10 of the Dungeon)
 A - an uncursed ring of resist corrosion
   (You found it on level 6 of the Dungeon)
Wands
 t - a wand of flame (35)
   (You found it on level 7 of the Dungeon)
 u - a wand of paralysis (21)
   (You found it on level 5 of the Dungeon)
 K - a wand of clouds (3)
   (You found it on level 3 of the Dungeon)
Scrolls
 f - 3 scrolls of fear {unknown}
 h - 3 scrolls of blinking {unknown}
 j - 3 scrolls of enchant weapon {unknown}
 o - 8 scrolls of teleportation {unknown}
 p - 3 scrolls of remove curse {unknown}
 v - a scroll of magic mapping {unknown}
 x - a scroll of amnesia {unknown}
 y - a scroll of vulnerability {unknown}
 E - a scroll of random uselessness {unknown}
 L - a scroll of fog {unknown}
 M - 4 scrolls of enchant armour
Potions
 c - a potion of curing {@q1}
 g - 2 potions of heal wounds {unknown}
 k - 2 potions of stabbing
 l - 8 potions of might {unknown}
 m - 2 potions of mutation {!q}
 n - a potion of magic
 z - a potion of flight
 C - 2 potions of lignification {!q}
 D - a potion of invisibility
 F - 2 potions of brilliance {unknown}
 I - a potion of haste {@q3}
 J - 3 potions of degeneration {unknown}
Comestibles
 e - 18 rations {!d}


   Skills:
 + Level 6.4(6.1) Fighting
 - Level 1.7(1.5) Dodging
 - Level 1.7(1.5) Stealth
 - Level 10.0(9.6) Shields
 - Level 4.0(3.7) Spellcasting
 - Level 10.0(9.6) Ice Magic


You had 2 spell levels left.
You knew the following spells:

 Your Spells              Type           Power        Failure   Level  Hunger
a - Freeze                Ice            ####         1%          1    None
b - Frozen Ramparts       Ice            ######       1%          3    ##.....
c - Ozocubu's Armour      Chrm/Ice       #####...     8%          3    ##.....
d - Summon Ice Beast      Ice/Summ       #####...     26%         4    ####...
e - Hailstorm             Conj/Ice       #####...     26%         4    ####...

Your spell library contained the following spells:

 Spells                   Type           Power        Failure   Level  Hunger
 Ensorcelled Hibernation  Hex/Ice        #####.       3%          2    #......
 Corona                   Hex            #......      19%         1    None
 Confusing Touch          Hex            #.......     50%         3    ##.....
 Dazzling Flash           Conj/Hex       #.....       50%         3    ##.....
 Tukima's Dance           Hex            #.......     50%         3    ##.....


Dungeon Overview and Level Annotations

Branches:
Dungeon (10/15)            Temple (0/1) D:7
   Lair: D:8-11         Orc: D:9-12

Annotations:
D:4 1 runed translucent door, roflc0ptic's ghost, amateur OpTm


Innate Abilities, Weirdness & Mutations

You have an increased reservoir of magic. (+10% MP)


Message History

You open the door.
There is an open door here.
Found a robe.
You open the door.
There is an open door here.
You block something's attack.
Deactivating autopickup; reactivate with Ctrl-A.
Something hits you.
You're wearing all the rings you can.
Remove which one? (? for menu, Esc to cancel) < or
d - a ring of ice; > or
A - a ring of resist corrosion You remove your ring of resist corrosion.
Something hits you.
M - a ring of protection from fire (right hand)
i - a ring of protection from fire (right hand)
M - 4 scrolls of enchant armour Something hits you.
Something hits you!
You can't see any susceptible monsters within range! (Use Z to cast anyway.)
You feel a surge of power!
The walls around you are covered in ice.
You block something's attack. Something hits you! Something hits you!
Something hits you! Something hits you.
* * * LOW HITPOINT WARNING * * *
The wall freezes something.
Something hits you.
* * * LOW HITPOINT WARNING * * *
The wall freezes something.
Something hits you but does no damage.
The wall freezes something. x2
Something hits you!
* * * LOW HITPOINT WARNING * * *
The wall freezes something.
Something hits you!
* * * LOW HITPOINT WARNING * * *
You slash something!
The wall freezes something.
Something hits you.
* * * LOW HITPOINT WARNING * * *
The wall freezes something.
Something hits you!
* * * LOW HITPOINT WARNING * * *
The wall freezes something.
Something hits you.
* * * LOW HITPOINT WARNING * * *
The wall freezes something.
Something hits you.
You die...

.....'...#....#..#
.....#...#....#..#
.....#...#....#..# .
##...#...######..# ..
.#...#...........# ...
.#####...........# ....
.................# .....
##################......
...............{@.......
........................
..............[#########
..######'#.....#
..#......#.....#
..#......#.....#
..#......#.....#
..#......#.......
<.#......#........


There were no monsters in sight!

Vanquished Creatures
  Harold (D:8)
  Pikel (D:7)
  A troll (D:9)
  Prince Ribbit (D:6)
  Sigmund (D:2)
  11 yaks
  A hungry ghost (D:9)
  Menkaure (D:7)
  Duvessa (D:6)
  An ice beast (D:9)
  3 slaves (D:7)
  A sky beast (D:8)
  4 ogres
  A black bear (D:7)
  A centaur (D:6)
  A crocodile (D:8)
  A big kobold (D:8)
  5 bullfrogs
  A wyvern zombie (D:6)
  Dowan (D:6)
  3 scorpions
  14 killer bees
  11 wights
  7 howler monkeys
  4 crimson imps
  2 bullfrog zombies (D:6)
  3 centaur zombies
  6 hounds
  2 orc priests (D:5)
  8 orc wizards
  3 bullfrog skeletons
  5 worker ants
  An iguana (D:10)
  A hound zombie (D:6)
  A hound skeleton (D:6)
  A howler monkey zombie (D:6)
  A worker ant zombie (D:6)
  7 gnolls
  19 adders
  2 howler monkey skeletons
  A river rat (D:6)
  A shadow imp (D:9)
  An ooze (D:5)
  2 adder zombies (D:6)
  An adder skeleton (D:6)
  3 worms
  2 dart slugs (D:1)
  5 leopard geckos
  21 orcs
  A ball python (D:6)
  5 bats
  5 giant cockroaches
  8 goblins
  8 hobgoblins
  11 jackals
  2 quokkas
  A ball python zombie (D:5)
  7 frilled lizards
  10 kobolds
  A quokka zombie (D:8)
  10 rats
246 creatures vanquished.

Notes
Turn   | Place    | Note
-------+----------+-------------------------------------------
     0 | D:1      | growler the Demigod Ice Elementalist began the quest for
                  | the Orb.
     0 | D:1      | Reached XP level 1. HP: 14/14 MP: 5/5
   390 | D:1      | Reached XP level 2. HP: 20/20 MP: 4/7
  1378 | D:2      | Reached XP level 3. HP: 17/26 MP: 2/8
  1537 | D:2      | Found a shimmering blue altar of Sif Muna.
  1895 | D:2      | Found a snail-covered altar of Cheibriados.
  1895 | D:2      | Found an iron altar of Okawaru.
  1895 | D:2      | Found a shadowy altar of Dithmenos.
  2075 | D:2      | Reached skill level 5 in Ice Magic
  2101 | D:2      | Noticed Sigmund
  2107 | D:2      | Learned a level 3 spell: Frozen Ramparts
  2121 | D:2      | Killed Sigmund
  2121 | D:2      | Reached XP level 4. HP: 28/33 MP: 1/9
  2121 | D:2      | Reached XP level 5. HP: 32/38 MP: 1/10
  3277 | D:3      | Reached XP level 6. HP: 42/45 MP: 11/11
  3316 | D:3      | Found an ancient bone altar of Kikubaaqudgha.
  3569 | D:3      | Found a sparkling altar of Nemelex Xobeh.
  4547 | D:4      | Reached skill level 1 in Shields
  5290 | D:4      | Found a runed translucent door.
  5291 | D:4      | Noticed roflc0ptic's ghost (amateur OpTm)
  5765 | D:5      | Entered Level 5 of the Dungeon
  5819 | D:5      | Reached XP level 7. HP: 50/50 MP: 10/14
  5973 | D:5      | Found a glowing silver altar of Zin.
  7113 | D:6      | HP: 2/50 [centaur (4)]
  7183 | D:6      | Reached skill level 5 in Shields
  7424 | D:6      | Found a burning altar of Makhleb.
  7436 | D:6      | Found a shattered altar of Ashenzari.
  7450 | D:6      | Noticed Prince Ribbit
  7451 | D:6      | Reached XP level 8. HP: 52/57 MP: 11/17
  7679 | D:6      | Found a shimmering altar of Xom.
  7682 | D:6      | Got a jewelled hand axe
  7717 | D:6      | Identified the +11 hand axe of Animal Spirits {vamp, rPois}
                  | (You found it on level 6 of the Dungeon)
  8071 | D:6      | Killed Prince Ribbit
  8498 | D:6      | Noticed Dowan
  8499 | D:6      | Noticed Duvessa
  8506 | D:6      | Killed Duvessa
  8509 | D:6      | Killed Dowan
  8795 | D:7      | Noticed Menkaure
  9016 | D:7      | Killed Menkaure
  9433 | D:7      | Found a snail-covered altar of Cheibriados.
  9539 | D:7      | Noticed Pikel
  9553 | D:7      | Killed Pikel
  9553 | D:7      | Reached XP level 9. HP: 39/62 MP: 16/18
  9932 | D:7      | Found a staircase to the Ecumenical Temple.
 10000 | D:7      | Reached skill level 10 in Shields
 10390 | D:8      | Found a hazy altar of Hepliaklqana.
 10861 | D:8      | Noticed Harold
 10881 | D:8      | Killed Harold
 10881 | D:8      | Reached XP level 10. HP: 56/69 MP: 15/19
 11372 | D:8      | Found a basalt altar of Yredelemnul.
 11516 | D:9      | Reached skill level 10 in Ice Magic
 11537 | D:9      | Reached skill level 1 in Fighting
 12100 | D:9      | Reached skill level 5 in Fighting
 12410 | D:9      | Learned a level 3 spell: Ozocubu's Armour
 12415 | D:9      | Learned a level 4 spell: Summon Ice Beast
 12420 | D:9      | Learned a level 4 spell: Hailstorm
 12543 | D:10     | Entered Level 10 of the Dungeon
 13032 | D:10     | Got a distressingly furry chain mail
 13163 | D:10     | HP: 3/84 [something (5)]
 13163 | D:10     | Slain by an unseen horror

Illustrated notes

Levels and vault maps discovered:
D:1:      minmay_arrival_solitary_statue, layout_basic, kennysheep_boxes
D:2:      layout_rooms, lemuel_blue_sif_altar, gammafunk_temple_overflow_claw,
          serial_forest, infiniplex_forest_corner_2, infiniplex_forest_corner_1,
          infiniplex_forest_lined_2, infiniplex_forest_end_double,
          infiniplex_forest_end_3, infiniplex_forest_clump_tiny,
          infiniplex_forest_lined_corner, infiniplex_forest_clump_curved,
          kennysheep_nub, hangedman_decor_points, kennysheep_generic_room_9,
          uniq_sigmund
D:3:      layout_loops_ring, marbit_many_paths, kiku_gazebo_pond_becter,
          first_ration, nrook_campfire
D:4:      layout_loops_corners, ebering_ghost_inner_flame
D:5:      layout_basic, lemuel_round_altar
D:6:      layout_cave_pools, tgw_xom, lemuel_round_altar, lemuel_crystal_altar,
          gup_sewer_entry_bubbles, serial_undead, serial_undead_f,
          serial_undead_e, serial_undead_c, serial_undead_a,
          uniq_prince_ribbit1, uniq_duvessa
D:7:      layout_basic, minmay_temple_entry_sparse_star,
          cheibrodos_worm_habitat, uniq_pikel, uniq_menkaure
D:8:      layout_loops_ring, lemuel_crystal_altar, kennysheep_mini_moat,
          blue_anna_alchemist [blue_anna_fruit_fields, blue_anna_fruit_fields],
          minmay_misc_feat_encased, uniq_harold
D:9:      layout_roguey, kennysheep_generic_room_10
D:10:     layout_irregular_city

Skill      XL: |  1  2  3  4  5  6  7  8  9 10 |
---------------+-------------------------------+-----
Spellcasting   | 2 3 4 |  4.0
Ice Magic      | 4 6 7 9 10 | 10.0
Shields        | 2 5 9 10 | 10.0
Fighting       | 6 |  6.4
Dodging        | |  1.7
Stealth        | |  1.7

Action                   |  1- 3 |  4- 6 |  7- 9 | 10-12 || total
-------------------------+-------+-------+-------+-------++-------
Melee: Dagger            |    33 |    84 |    47 |       ||   164
       Hand axe          |       |       |   154 |    87 ||   241
 Cast: Freeze            |    49 |    40 |    15 |     2 ||   106
       Frozen Ramparts   |     2 |     6 |    29 |    17 ||    54
       Summon Ice Beast  |       |       |       |     1 ||     1
  Use: Scroll            |       |     3 |       |     6 ||     9
 Stab: Sleeping          |     2 |     3 |     3 |     1 ||     9
       Distracted        |       |     1 |     1 |       ||     2
  Eat: Chunk             |     1 |    11 |    15 |     7 ||    34
       Ration            |     1 |       |     1 |     1 ||     3
Armor: Robe              |    15 |    13 |    24 |     7 ||    59
Dodge: Dodged            |    46 |    51 |   136 |    38 ||   271
Block: Kite shield       |       |       |    52 |    57 ||   109
